 Dungeon Crawl Stone Soup version 0.17.2 (webtiles) character file.

62 Goblin1989 the Chiller (level 3, -4/28 HPs)
             Began as a Demonspawn Wanderer on June 25, 2016.
             Killed from afar by Ijyb (6 damage)
             ... with a wand of magic darts
             ... on level 2 of the Dungeon.
             The game lasted 00:04:36 (2003 turns).

Goblin1989 the Chiller (Demonspawn Wanderer)        Turns: 2003, Time: 00:04:37

Health: -4/28      AC:  8    Str: 12    XL:     3   Next: 85%
Magic:  4/4        EV:  0    Int: 16    God:
Gold:   122        SH:  0    Dex: 10    Spells: 0 memorised, 4 levels left

rFire  . . .     SeeInvis .     s - +0 whip (flame)
rCold  + . .     Clarity  .     p - +0 chain mail
rNeg   . . .     SustAt   .     (no shield)
rPois  .         Gourm    .     (helmet restricted)
rElec  .         Spirit   .     (no cloak)
rCorr  .         Warding  .     (no gloves)
rMut   .         Stasis   .     (no boots)
MR     .....                    (no amulet)
Stlth  ..........               (no ring)
                                (no ring)

@: not resistant to hostile enchantments, extremely unstealthy
A: antennae 1, cold resistance 1
a: no special abilities


You were on level 2 of the Dungeon.
You were hungry.

You visited 1 branch of the dungeon, and saw 2 of its levels.

You collected 122 gold pieces.

Inventory:

Hand Weapons
 s - a +0 whip of flaming (weapon)
Missiles
 h - 4 javelins (quivered)
Armour
 p - a +0 chain mail (worn)
 q - a +0 helmet
Wands
 a - a wand of frost (15)
Scrolls
 i - a scroll of identify {unknown}
 j - a scroll of enchant weapon {unknown}
 l - 2 scrolls of magic mapping {unknown}
 n - 2 scrolls of recharging {unknown}
 o - a scroll of blinking {unknown}
 v - a scroll of random uselessness {unknown}
Potions
 c - a potion of lignification {!q}
 d - a potion of might {unknown}
 e - a potion of agility {unknown}
 g - a potion of curing {unknown}
 k - a potion of degeneration {unknown}
 m - 2 potions of heal wounds {unknown}
 t - a potion of brilliance {unknown}
Books
 b - the Catalogue of Poisoning

   Spells                             Type                      Level
   a - Sting                          Conjuration/Poison           1
   b - Spider Form                    Transmutation/Poison         3
Comestibles
 f - 2 bread rations
 r - a slice of pizza


   Skills:
 + Level 2.3 Fighting
 * Level 2.6 Maces & Flails
 + Level 1.0 Armour
 - Level 1.0 Unarmed Combat
 - Level 1.0 Spellcasting
   Level 1.1 Necromancy
   Level 2.6 Ice Magic
 - Level 2.0 Evocations


You had 4 spell levels left.
You didn't know any spells.

Dungeon Overview and Level Annotations

Branches:
Dungeon (2/15)

Altars:

Annotations:
D:2 Ijyb


Innate Abilities, Weirdness & Mutations

You have a pair of small antennae on your head.
Your flesh is cold resistant.


Message History

You are too injured to fight recklessly!
You are too injured to fight recklessly!
You are too injured to fight recklessly!
You are too injured to fight recklessly!
You are too injured to fight recklessly!
You are too injured to fight recklessly!
You are too injured to fight recklessly!
Ijyb zaps a wand.
The magic dart hits you!
Ijyb throws a stone.
The stone hits you but does no damage.
You see here a stone.
Ijyb zaps a wand.
The magic dart hits you!
* * * LOW HITPOINT WARNING * * *
You take 5 damage, and have 7/28 hp.
You see here a stone.
Ijyb zaps a wand.
The magic dart hits you!
* * * LOW HITPOINT WARNING * * *
There is a stone staircase leading up here.
You take 6 damage, and have 2/28 hp.
MASSIVE DAMAGE!!
Ijyb zaps a wand.
The magic dart hits you!
You die...

#.. # ##.# .#
#......#.# #
#.#......# #####
###.#..#...# ....#
#......#...# ###.#
#..........### #.#
#.....@....?.. #.#
#..##..###.### #.#
#..##..# #.# #..###.#
#.# #..g.g(# # #.#
#####.###.###.#
#.####.###.........#
#†.##.#.#####....###
###....###.###......#


You could see Ijyb.

Vanquished Creatures
  A gnoll (D:1)
  2 adders (D:2)
  A giant gecko (D:2)
  4 goblins
  8 hobgoblins
  A ball python (D:1)
  2 bats
  2 giant newts
  3 jackals
  5 kobolds
  4 rats
33 creatures vanquished.

Notes
Turn   | Place    | Note
--------------------------------------------------------------
     0 | D:1      | Goblin1989 the Demonspawn Wanderer began the quest for the Orb.
     0 | D:1      | Goblin1989 set off with: a wand of frost (15), the Catalogue of Poisoning, a potion of lignification {!q}, a +0 robe, a +0 club, a bread ration
     0 | D:1      | Reached XP level 1. HP: 16/16 MP: 2/2
     0 | D:1      | Identified the Catalogue of Poisoning
    53 | D:1      | Reached skill level 1 in Maces & Flails
   487 | D:1      | Gained mutation: Your flesh is cold resistant. [demonic ancestry]
   487 | D:1      | Reached XP level 2. HP: 20/22 MP: 3/3
  1252 | D:2      | Noticed Ijyb
  1355 | D:2      | Gained mutation: You have a pair of small antennae on your head. [demonic ancestry]
  1355 | D:2      | Reached XP level 3. HP: 12/27 MP: 4/4
  1721 | D:2      | Reached skill level 1 in Armour
  2003 | D:2      | Killed from afar by Ijyb

Action                   || total
-------------------------++-------
Melee: Club              ||    71
       Whip              ||    90
  Eat: Chunk             ||     3
